 Dungeon Crawl Stone Soup version 0.31-a0-177-g4aa6249778 (webtiles) character file.

Game seed: 1092078259819383028

77 qw the Chopper (level 4, -1/28 HPs)
             Began as a Gargoyle Fighter on June 18, 2023.
             Slain by Sigmund
             ... wielding a +0 scythe
              (8 damage)
             ... on level 2 of the Dungeon.
             The game lasted 00:00:58 (1268 turns).

qw the Chopper (Gargoyle Fighter)                   Turns: 1268, Time: 00:00:59

Health: -1/28      AC: 12    Str: 21    XL:     4   Next: 34%
Magic:  4/4        EV:  9    Int:  9    God:
Gold:   82         SH:  0    Dex:  9    Spells: 3/3 levels left

rFire   . . .        Y - +0 war axe
rCold   . . .        c - +0 buckler
rNeg    + . .        b - +0 scale mail
rPois   inf          (no helmet)
rElec   +            f - +1 cloak
rCorr   .            (no gloves)
SInv    .            (no boots)
Will    .....        (no amulet) Stlth
                     (no ring)
HPRegen 0.24/turn    (no ring)
MPRegen 0.09/turn

%: no passive effects
@: confused
A: sickness immunity, AC +3, negative energy resistance 1, electricity
resistance, torment resistance 1, petrification resistance
a: no special abilities


You were on level 2 of the Dungeon.
You visited 1 branch of the dungeon, and saw 2 of its levels.

You collected 82 gold pieces.


Innate Abilities, Weirdness & Mutations

You are immune to sickness and miasma.
Your stone body is resilient. (AC +3)
You are immune to poison.
You resist negative energy. (rN+)
You are resistant to electric shocks. (rElec)
You are resistant to unholy torment.
You are immune to petrification.


   Skills:
 - Level 3.2 Fighting
 + Level 4.1 Axes
 - Level 3.2 Armour
 - Level 3.2 Shields


You had 3 spell levels left.
You didn't know any spells.
Your spell library was empty.

Inventory:

Hand Weapons
 i - a +0 whip
 Y - a +0 war axe (weapon)
Armour
 b - a +0 scale mail (worn)
 c - a +0 buckler (worn)
 f - a +1 cloak (worn)
Jewellery
 l - a +4 ring of protection
Scrolls
 k - a scroll of identify
Potions
 a - a potion of enlightenment {unknown}
 d - a potion of might
 e - a potion of invisibility {unknown}
 g - a potion of mutation {unknown}
 h - a potion of attraction {unknown}
 j - 3 potions of haste {unknown}

Dungeon Overview and Level Annotations

Branches:
Dungeon (2/15)

Altars:

Annotations:
D:1 exclusion: 2 kobolds
D:2 Sigmund


Message History

You swing at nothing.
Something hits you but does no damage.
You swing at nothing.
Something hits you but does no damage.
You swing at nothing.
You swing at nothing.
You hear some strange, mumbled words.
You are confused.
Something hits you but does no damage.
You bump into the rock wall.
You hear some strange, mumbled words.
You are more confused.
Enter note:
Enter note:
Enter note:
Enter note:
Enter note:
Enter note:
Enter note:
Enter note:
Enter note: You hear some strange, mumbled words.
A magic dart appears from out of thin air!
The magic dart hits you.
Enter note:
Enter note:
Enter note:
Enter note:
Enter note:
Enter note:
Enter note:
Enter note:
Enter note: You miss something.
Something hits you.
You closely miss something. Something hits you.
You miss something. Something hits you!
You die...

##.# #.# #)####. ##.#
#.# #....>. #.# #.#.#
####### #.# #.#?#
##.##### #.#.# .......#
#.#.####77 ##.###.#
#.#.#.#..77 ##.###.##
#.#..{..PP77
##.##)..####.#.#@.....7
#..........#..###.P.7.7
#####<.[..##.#.#


777 .............#.# ...............# ########..........# ############ There
were no monsters in sight!

Vanquished Creatures
  4 adders (D:2)
  4 ball pythons
  3 bats (D:2)
  5 endoplasms
  A giant cockroach (D:2)
  7 goblins
  3 hobgoblins (D:1)
  3 kobolds (D:1)
  3 quokkas
  A frilled lizard (D:2)
  5 rats
39 creatures vanquished.

Notes
Turn   | Place    | Note
-------+----------+-------------------------------------------
     0 | D:1      | qw the Gargoyle Fighter began the quest for the Orb.
     0 | D:1      | Reached XP level 1. HP: 14/14 MP: 1/1
     0 | D:1      | 0 ||| qw: Version: 0.3-a-5-g6f28e65
     0 | D:1      | 0 ||| qw: Game counter: 531
     0 | D:1      | 0 ||| qw: Always use a shield: true
     0 | D:1      | 0 ||| qw: God list: Okawaru
     0 | D:1      | 0 ||| qw: Allow faded altars: false
     0 | D:1      | 0 ||| qw: Do Orc after D:15 true
     0 | D:1      | 0 ||| qw: Do second Lair branch before Depths: true
     0 | D:1      | 0 ||| qw: Lair rune preference: random
     0 | D:1      | 0 ||| qw: Plans: Normal, Zot:1-4, Slime:5, God:TSO, Crypt,
                  | Tomb, Abyss, Pan, Hells, Win
     0 | D:1      | 0 ||| PLANNING D:1-11
    60 | D:1      | Reached skill level 2 in Axes
   214 | D:1      | Reached XP level 2. HP: 19/19 MP: 2/2
   381 | D:1      | Found a faded altar of an unknown god.
   403 | D:1      | 403 ||| Stepping ~*~*~tactically~*~*~ (hiding).
   405 | D:1      | 405 ||| UPGRADING to +1 cloak.
   418 | D:1      | 418 ||| READING scroll labelled GEEDIA HUXYDWO.
   419 | D:1      | 419 ||| READING scroll labelled EGHESE DYITH.
   443 | D:1      | 443 ||| Stepping ~*~*~tactically~*~*~ (stealth).
   457 | D:1      | 457 ||| Stepping ~*~*~tactically~*~*~ (stealth).
   466 | D:1      | Reached skill level 3 in Axes
   484 | D:1      | Reached XP level 3. HP: 23/23 MP: 3/3
   679 | D:1      | You fall into a shaft and drop 1 floor!
  1049 | D:2      | Reached XP level 4. HP: 27/28 MP: 4/4
  1202 | D:2      | Reached skill level 4 in Axes
  1245 | D:2      | Noticed Sigmund
  1267 | D:2      | HP: 7/28 [something (2)]
  1268 | D:2      | Slain by Sigmund

Levels and vault maps discovered:
D:1:      denvon_arrival_planthouse, layout_basic,
          shapermc_ecumenical_altar_starsandcircs
D:2:      layout_loops_ring, hangedman_feature_mirror, nicolae_the_louvre,
          uniq_crazy_yiuf_cottage, uniq_sigmund

Skill      XL: |  1  2  3  4 |
---------------+-------------+-----
Axes           | 2 3 4 |  4.1
Fighting       | |  3.2
Armour         | |  3.2
Shields        | |  3.2

Action                     |  1- 3 |  4- 6 || total
---------------------------+-------+-------++-------
  Melee: War axe           |    99 |    33 ||   132
    Use: Scroll            |     2 |       ||     2
 Armour: Scale mail        |    34 |    28 ||    62
  Dodge: Dodged            |    38 |    11 ||    49
  Block: Buckler           |    18 |     6 ||    24

Table legend:
 A = Non-vault XP
 B = Vault XP
 C = Vault XP percentage of total XP
 D = Non-vault monster count
 E = Vault monster count
 F = Vault count percentage of total count
                 A         B        C        D         E       F
            +---------+---------+-------+---------+---------+-------
      Total |     111 |       0 |   0.0 |      39 |       0 |   0.0
            +---------+---------+-------+---------+---------+-------
        D:1 |      36 |       0 |   0.0 |      21 |       0 |   0.0
        D:2 |      75 |       0 |   0.0 |      18 |       0 |   0.0
            +---------+---------+-------+---------+---------+-------
